 Dungeon Crawl Stone Soup version 0.29-a0-495-g17b79114eb (webtiles) character file.

Game seed: 10902364899694844108

338 davecave the Cleaver (level 6, -6/52 HPs)
             Began as a Hill Orc Gladiator on May 27, 2022.
             Mangled by a gnoll
             ... wielding a +0 flail
              (11 damage)
             ... on level 3 of the Dungeon.
             The game lasted 00:05:49 (3441 turns).

davecave the Cleaver (Hill Orc Gladiator)           Turns: 3441, Time: 00:05:49

Health: -6/52      AC:  4    Str: 17    XL:     6   Next: 55%
Magic:  6/6        EV: 12    Int:  8    God:
Gold:   119        SH:  0    Dex: 14    Spells: 5/5 levels left

rFire   . . .      SeeInvis .   a - +0 war axe
rCold   . . .      Faith    .   (no shield)
rNeg    . . .      Spirit   .   b - +0 leather armour
rPois   .          Reflect  .   c - +0 helmet
rElec   .          Harm     .   (no cloak)
rCorr   .          Rampage  .   (no gloves)
Will    .....                   (no boots)
Stlth   +.........              (no amulet)
HPRegen 0.17/turn               (no ring)
MPRegen 0.10/turn               (no ring)

@: no status effects
A: no striking features
a: no special abilities


You were on level 3 of the Dungeon.
You visited 1 branch of the dungeon, and saw 4 of its levels.

You collected 119 gold pieces.

Inventory:

Hand Weapons
 a - a +0 war axe (weapon)
Missiles
 d - 3 throwing nets (quivered)
 e - a javelin
 q - 2 silver javelins
 x - 2 poisoned darts
Armour
 b - a +0 leather armour (worn)
 c - a +0 helmet (worn)
Wands
 r - a wand of flame (12)
Scrolls
 i - 2 scrolls of enchant weapon {unknown}
 k - a scroll of blinking {unknown}
 n - a scroll of noise {unknown}
 o - a scroll of poison
 t - a scroll of enchant armour {unknown}
 u - a scroll of teleportation {unknown}
Potions
 f - 3 potions of flight {unknown}
 g - a potion of brilliance {unknown}
 h - a potion of lignification
 j - 2 potions of attraction
 l - 2 potions of degeneration {unknown}
 p - a potion of cancellation
 w - a potion of resistance


   Skills:
 - Level 4.0 Fighting
 + Level 8.0 Axes
 - Level 2.0 Throwing
 - Level 3.1 Dodging


You had 5 spell levels left.
You didn't know any spells.
Your spell library contained the following spells:

 Spells                   Type           Power      Damage    Failure   Level
 Dazzling Flash           Conj/Hex       0%         N/A       85%         3
 Iskenderun's Mystic Bla  Conj/Tloc      0%         2d3       99%         4
 Starburst                Conj/Fire      0%         6d3       100%        6


Dungeon Overview and Level Annotations

Branches:
Dungeon (4/15)
 Temple: D:4-7

Altars:
Sif Muna
Uskayaw
Xom


Message History

Unknown command.
You hit the gnoll.
The gnoll is heavily wounded.
The gnoll hits you with a +0 flail!
* * * LOW HITPOINT WARNING * * *
The gnoll attacks as you move away! The gnoll completely misses you.
There is a stone staircase leading up here.
The gnoll hits you with a +0 flail!
* * * LOW HITPOINT WARNING * * *
You climb upwards.
There is a stone staircase leading down here.
You feel much better. The gnoll hits you with a +0 flail!
You barely miss the gnoll.
The gnoll is heavily wounded.
The gnoll hits you with a +0 flail!
* * * LOW HITPOINT WARNING * * *
You barely miss the gnoll.
The gnoll is heavily wounded.
The gnoll hits you with a +0 flail.
* * * LOW HITPOINT WARNING * * *
You closely miss the gnoll.
The gnoll is heavily wounded.
The gnoll closely misses you. The gnoll barely misses you.
You closely miss the gnoll.
The gnoll is heavily wounded.
The gnoll hits you with a +0 flail!
* * * LOW HITPOINT WARNING * * *
Okay, then.
You feel better. The gnoll hits you with a +0 flail!
* * * LOW HITPOINT WARNING * * *
Really read the scroll of poison?
The air fills with toxic fumes!
As you read the scroll of poison, it crumbles to dust.
The gnoll hits you with a +0 flail.
* * * LOW HITPOINT WARNING * * *
Unknown command.
You hit the gnoll but do no damage.
The gnoll is heavily wounded.
The gnoll hits you with a +0 flail!
You die...

..........##........##...........
.....#...§###§##§§§§##.....###...
...##....§§§§§§§§§§§#.......##...
..#.#....§§§§§§#§§§§#.......##...
##.#.....§§§§§§§§§§..............
.##....##§§§§§§§§§#....§.........
#.#....##§§§§§§§§§#..§§§##.#..)..
.#.....#.§§§§§§§§g#§§§§§##.#.....
#......#.§§§§§§§@§§§§§§§...#....#
.......#.§§§§§§§§§##§##§..##.....
.......#.######§####+####.#######
#........# #§'.......+.#
.#.......# #§#.#...#.#.#
#.#......# #§#.#._.#.#.#
.##....#.# #§#.#...#.#.#
##.#...#.# #§+.......'.#
..#.#..#.# ######+####.#


You could see a gnoll.

Vanquished Creatures
  A scorpion (D:4)
  A howler monkey (D:4)
  A jelly (D:4)
  An orc priest (D:4)
  An iguana (D:3)
  4 adders
  2 gnolls
  A shadow imp (D:3)
  A worm (D:2)
  4 dart slugs
  4 orcs
  11 endoplasms
  2 giant cockroaches
  4 goblins
  8 hobgoblins
  7 kobolds
  8 quokkas
  4 ball pythons
  5 bats
  5 frilled lizards
  5 rats
80 creatures vanquished.

Notes
Turn   | Place    | Note
-------+----------+-------------------------------------------
     0 | D:1      | davecave the Hill Orc Gladiator began the quest for the
                  | Orb.
     0 | D:1      | Reached XP level 1. HP: 18/18 MP: 1/1
    95 | D:1      | Reached XP level 2. HP: 26/27 MP: 2/2
   420 | D:1      | Reached XP level 3. HP: 33/33 MP: 3/3
   630 | D:2      | You fall into a shaft and drop 1 floor!
  1097 | D:2      | Reached XP level 4. HP: 40/40 MP: 4/4
  1316 | D:2      | Found a hide-covered altar of Uskayaw.
  1653 | D:2      | Found a faded altar of an unknown god.
  1775 | D:3      | Reached skill level 5 in Axes
  1784 | D:3      | Reached XP level 5. HP: 26/46 MP: 5/5
  2289 | D:3      | Reached skill level 6 in Axes
  2297 | D:3      | Found a shimmering blue altar of Sif Muna.
  2369 | D:3      | Found a shimmering altar of Xom.
  2816 | D:4      | Reached skill level 7 in Axes
  2876 | D:4      | Reached XP level 6. HP: 29/52 MP: 6/6
  3184 | D:4      | Reached skill level 8 in Axes
  3441 | D:3      | Mangled by a gnoll

Illustrated notes

Levels and vault maps discovered:
D:1:      kennysheep_arrival_forest, layout_rooms, minmay_tetromino_l2
D:2:      layout_rooms, hellmonk_ecumenical_altar_heavens_door, basic_altar,
          lemuel_another_geyser
D:3:      layout_basic, kennysheep_orc_sif_temple,
          mainiacjoe_overflow_six_doors_small, minmay_misc_feat_secret_circle,
          minmay_randomly_rotated_circles
D:4:      layout_rooms, nicolae_elevator_lobby_plus

Skill      XL: |  1  2  3  4  5  6 |
---------------+-------------------+-----
Fighting       | 3 4 |  4.0
Throwing       | 2 |  2.0
Dodging        | 3 |  3.1
Axes           | 5 7 8 |  8.0

Action                   |  1- 3 |  4- 6 || total
-------------------------+-------+-------++-------
Melee: War axe           |    73 |   156 ||   229
       Punch             |       |     2 ||     2
Throw: Javelin           |       |     1 ||     1
  Use: Scroll            |       |     8 ||     8
       Potion            |       |     2 ||     2
Armor: Leather armour    |    24 |    40 ||    64
Dodge: Dodged            |    55 |   111 ||   166

Table legend: (Time is in decaauts)
 A = Elapsed time spent in this place.
 B = Non-inter-level travel time spent in this place.
 C = Inter-level travel time spent in this place.
 D = Time resting spent in this place.
 E = Time spent auto-exploring this place.
 F = Levels seen in this place.
 G = Mean time per level.
                   A        B        C        D        E       F      G
               +--------+--------+--------+--------+--------+-----+--------+
         Total |   3506 |   3330 |    176 |    820 |   1899 |   4 |  876.5 |
       Dungeon |   3506 |   3330 |    176 |    820 |   1899 |   4 |  876.5 |
               +--------+--------+--------+--------+--------+-----+--------+

Top non-repeatable levels by time:
     D:3: 1332 daAuts
     D:2: 973 daAuts
     D:1: 651 daAuts
     D:4: 549 daAuts
